 Dungeon Crawl Stone Soup version 0.30-a0-586-g23e55c9e0a (webtiles) character file.

Game seed: 14314663177512772534

21 wormed the Charlatan (level 2, 0/23 HPs)
             Began as a Demigod Wanderer on Jan 3, 2023.
             Slain by a gnoll
             ... wielding a +0 flail
              (9 damage)
             ... on level 1 of the Dungeon.
             The game lasted 00:01:01 (342 turns).

wormed the Charlatan (Demigod Wanderer)              Turns: 342, Time: 00:01:02

Health: 0/23       AC:  2    Str: 10    XL:     2   Next: 45%
Magic:  7/7        EV: 12    Int: 13    God:
Gold:   29         SH:  0    Dex: 17    Spells: 3/4 levels left

rFire   . . .      SeeInvis .    a - +2 short sword
rCold   . . .      Faith    .    (no shield)
rNeg    . . .      Spirit   .    e - +0 robe
rPois   .          Reflect  .    (no helmet)
rElec   .          Harm     .    (no cloak)
rCorr   .          Rampage  .    (no gloves)
Will    .....                    (no boots)
Stlth   +                        i - amulet of magic regeneration
HPRegen 0.23/turn                (no ring)
MPRegen 0.50/turn                (no ring)

@: very slow
A: high MP 1, forlorn, divine attributes
a: no special abilities


You were on level 1 of the Dungeon.
You visited 1 branch of the dungeon, and saw 1 of its levels.

You collected 29 gold pieces.

Inventory:

Hand Weapons
 a - a +2 short sword (weapon)
 c - a +0 dagger
Missiles
 b - 10 poisoned darts (quivered)
Armour
 e - a +0 robe (worn)
Jewellery
 i - an amulet of magic regeneration (around neck)
Scrolls
 d - a scroll of vulnerability
 g - a scroll of fear {unknown}
Potions
 f - a potion of heal wounds {unknown}
 h - a potion of curing {unknown}


   Skills:
 + Level 1.6 Fighting
 - Level 1.7(1.9) Short Blades
 + Level 1.0(1.5) Long Blades
 - Level 1.0 Throwing
 + Level 1.5 Dodging
 - Level 1.7 Spellcasting
 - Level 1.0 Hexes
 - Level 1.7 Evocations


You had 3 spell levels left.
You knew the following spells:

 Your Spells              Type           Power      Damage    Failure   Level
a - Slow                  Hex            12%        N/A       17%         1

Your spell library contained the following spells:

 Spells                   Type           Power      Damage    Failure   Level
 Dazzling Flash           Conj/Hex       4%         N/A       54%         3


Dungeon Overview and Level Annotations

Branches:
Dungeon (1/15)


Innate Abilities, Weirdness & Mutations

You have an increased reservoir of magic. (+10% MP)
You shall have no god before yourself.
Your divine heritage dramatically boosts your attributes as you level up.


Message History

The kobold shouts!
The kobold throws a stone.
The stone barely misses you.
A kobold is nearby!
A kobold is nearby!
Found a blackened steel amulet.
The kobold hits you with a +0 dagger.
You hit the kobold.
You kill the kobold!
A kobold comes into view. It is wielding a +0 short sword.
Things that are here:
a +0 dagger; 4 stones; a kobold corpse
Found 9 gold pieces.
The kobold shouts!
You closely miss the kobold. The kobold barely misses you.
You hit the kobold.
You kill the kobold!
No target in view!
No target in view!
i - an amulet of magic regeneration You start putting on your amulet.
You continue putting on your amulet of magic regeneration. x5
You finish putting on your amulet of magic regeneration.
i - an amulet of magic regeneration (around neck)
You now have 29 gold pieces (gained 9).
A gnoll comes into view. It is wielding a +0 flail.
The gnoll shouts!
A gnoll is nearby!
A gnoll is nearby!
A gnoll is nearby!
You enter the shallow water.
Moving in this stuff is going to be slow.
The gnoll closely misses you.
You hit the gnoll.
The gnoll is heavily wounded.
The gnoll hits you with a +0 flail!
Your unstable footing causes you to fumble your attack.
The gnoll hits you with a +0 flail. The gnoll attacks as you move away!
The gnoll hits you with a +0 flail. The gnoll attacks as you move away!
The gnoll hits you with a +0 flail!
You die...

#~≈~≈~~
#.≈≈.~≈
#.~≈≈~##
#.~~.≈.#
#.≈~~~.#
#~.~~≈.#
#.≈.~~.#
###~.~g≈.##
#...~~≈@..#
#.#.~~~≈..#
#~≈~~~~.# #
#.~~~≈..#
###..
#.~~~~~.#
.....#
##~~~~..#
#....#
##≈≈~≈~..#
..#
#≈≈≈≈≈≈..#
###
≈≈≈≈≈.~..#


You could see a gnoll.

Vanquished Creatures
  2 dart slugs (D:1)
  A bat (D:1)
  3 endoplasms (D:1)
  2 giant cockroaches (D:1)
  A goblin (D:1)
  A hobgoblin (D:1)
  3 kobolds (D:1)
  A ball python (D:1)
  A rat (D:1)
15 creatures vanquished.

Notes
Turn   | Place    | Note
-------+----------+-------------------------------------------
     0 | D:1      | wormed the Demigod Wanderer began the quest for the Orb.
     0 | D:1      | wormed set off with the following items: a +2 short sword,
                  | 10 poisoned darts, a +0 dagger, a scroll of vulnerability,
                  | a +0 robe; and the following spell memorised: Slow; and the
                  | following spells available to memorise: Dazzling Flash.
     0 | D:1      | Reached XP level 1. HP: 16/16 MP: 5/5
   128 | D:1      | Reached XP level 2. HP: 5/23 MP: 7/7
   283 | D:1      | Reached skill level 1 in Long Blades
   342 | D:1      | Slain by a gnoll

Illustrated notes

Levels and vault maps discovered:
D:1:      dpeg_arrival_windows_large_door, layout_rooms,
          chequers_serial_rivers_large_a

Skill      XL: |  1  2 |
---------------+-------+-----
Long Blades    | 1 |  1.0
Fighting       | |  1.6
Short Blades   | |  1.7
Throwing       | |  1.0
Dodging        | |  1.5
Spellcasting   | |  1.7
Hexes          | |  1.0
Evocations     | |  1.7

Action                   || total
-------------------------++-------
Melee: Short sword       ||    61
       Punch             ||     1
 Stab: Sleeping          ||     1
Armor: Robe              ||    23
Dodge: Dodged            ||    39

Table legend: (Time is in decaauts)
 A = Elapsed time spent in this place.
 B = Non-inter-level travel time spent in this place.
 C = Inter-level travel time spent in this place.
 D = Time resting spent in this place.
 E = Time spent auto-exploring this place.
 F = Levels seen in this place.
 G = Mean time per level.
                   A        B        C        D        E       F      G
               +--------+--------+--------+--------+--------+-----+--------+
         Total |    337 |    337 |      0 |      0 |    215 |   1 |  337.0 |
       Dungeon |    337 |    337 |      0 |      0 |    215 |   1 |  337.0 |
               +--------+--------+--------+--------+--------+-----+--------+

Top non-repeatable levels by time:
     D:1: 337 daAuts
